 Dungeon Crawl Stone Soup version 0.30.0-5-g1a98f26d00 (webtiles) character file.

Game seed: 8589775011239457912

107 bobo the Poker (level 4, -2/28 (38) HPs)
             Began as a Gnoll Reaver on May 9, 2023.
             Was an Initiate of Nemelex Xobeh.
             Slain by Ijyb
             ... wielding a +0 club
              (3 damage)
             ... on level 3 of the Dungeon on May 10, 2023.
             The game lasted 00:06:04 (1953 turns).

bobo the Poker (Gnoll Reaver)                       Turns: 1953, Time: 00:06:05

HP:   -2/28 (38)    AC:  3    Str: 13    XL:     4   Next: 85%
MP:   11/11         EV: 12    Int: 12    God:    Nemelex Xobeh [......]
Gold: 65            SH:  0    Dex: 11    Spells: 10/13 levels left

rFire   . . .        a - +0 spear
rCold   . . .        (no shield)
rNeg    . . .        b - +0 leather armour
rPois   .            (no helmet)
rElec   .            (no cloak)
rCorr   .            (no gloves)
SInv    .            (no boots)
Will    .....        (no amulet)
Stlth   +            (no ring)
HPRegen 0.24/turn    (no ring)
MPRegen 0.12/turn

%: no passive effects
@: brilliant, very heavily drained
A: fangs 1, strong nose, distributed training
a: Renounce Religion, Draw Escape, Draw Destruction, Draw Summoning


You were on level 3 of the Dungeon.
You worshipped Nemelex Xobeh.
Nemelex Xobeh was noncommittal.
You visited 1 branch of the dungeon, and saw 3 of its levels.

You collected 65 gold pieces.

Inventory:

Hand Weapons
 a - a +0 spear (weapon)
Missiles
 j - 6 silver boomerangs
 m - 8 poisoned darts
Armour
 b - a +0 leather armour (worn)
Scrolls
 c - 6 scrolls of identify
 d - 2 scrolls of teleportation {unknown}
 h - a scroll of enchant weapon {unknown}
 k - 2 scrolls of poison {unknown}
Potions
 e - 2 potions of lignification
 f - a potion of brilliance
 g - 2 potions of flight {unknown}
 i - 2 potions of degeneration {unknown}
 l - a potion of haste {unknown}


   Skills:
 + Level 4.7 Fighting
 + Level 1.3 Short Blades
 + Level 1.3 Long Blades
 + Level 1.3 Axes
 + Level 1.3 Maces & Flails
 + Level 6.6 Polearms
 + Level 1.3 Staves
 + Level 1.3 Ranged Weapons
 + Level 1.3 Throwing
 + Level 1.3 Armour
 + Level 4.7 Dodging
 + Level 1.3 Stealth
 + Level 1.3 Shields
 + Level 1.3 Unarmed Combat
 + Level 5.1 Spellcasting
 + Level 5.5 Conjurations
 + Level 1.0 Hexes
 + Level 1.0 Summonings
 + Level 1.0 Necromancy
 + Level 1.0 Translocations
 + Level 1.0 Transmutations
 + Level 1.0 Fire Magic
 + Level 1.0 Ice Magic
 + Level 1.0 Air Magic
 + Level 1.0 Earth Magic
 + Level 1.0 Poison Magic
 + Level 1.4 Invocations
 + Level 1.3 Evocations


You had 10 spell levels left.
You knew the following spells:

 Your Spells              Type           Power      Damage    Failure   Level
a - Kiss of Death         Conj/Necr      64%        2d10      6%          1
s - Momentum Strike       Conj/Tloc      32%        3d8       10%         2

Your spell library contained the following spells:

 Spells                   Type           Power      Damage    Failure   Level
 Freeze                   Ice            32%        1d5       16%         1
 Hailstorm                Conj/Ice       16%        3d6       19%         3
 Sublimation of Blood     Necr           8%         N/A       24%         2
 Frozen Ramparts          Ice            16%        1d3       43%         3
 Petrify                  Tmut/Erth      8%         N/A       85%         4
 Irradiate                Conj/Tmut      8%         3d14      87%         5


Dungeon Overview and Level Annotations

Branches:
Dungeon (3/15)

Altars:
Nemelex Xobeh

Annotations:
D:3 Ijyb


Innate Abilities, Weirdness & Mutations

You have very sharp teeth.
Your uncanny sense of smell can sniff out nearby items.
Your experience applies equally to all skills.


Message History

Ijyb is moderately wounded.
You hit Ijyb.
Ijyb is moderately wounded.
Ijyb hits you with a +0 club.
* * * LOW HITPOINT WARNING * * *
You hit Ijyb but do no damage.
Ijyb is moderately wounded.
Ijyb misses you.
You hit Ijyb.
Ijyb is moderately wounded.
Ijyb hits you with a +0 club.
* * * LOW HITPOINT WARNING * * *
You hit Ijyb but do no damage.
Ijyb is moderately wounded.
You hit Ijyb.
Ijyb is heavily wounded.
Ijyb barely misses you.
You hit Ijyb but do no damage.
Ijyb is heavily wounded.
Ijyb hits you but does no damage.
You hit Ijyb but do no damage.
Ijyb is heavily wounded.
Ijyb hits you with a +0 club.
* * * LOW HITPOINT WARNING * * *
You hit Ijyb.
Ijyb is severely wounded.
You hit Ijyb but do no damage. You bite Ijyb, but do no damage.
Ijyb is severely wounded.
Ijyb hits you with a +0 club.
* * * LOW HITPOINT WARNING * * *
You barely miss Ijyb.
Ijyb is severely wounded.
Ijyb hits you with a +0 club.
* * * LOW HITPOINT WARNING * * *
Okay, then.
It was a potion of brilliance.
You feel clever all of a sudden. Ijyb hits you with a +0 club.
You die...
Your body disappears without a glow.

#. #.[ ##..
##### #..
.....##.#
#....#### ∆
##.....#
#.@g##..g#
## #.###
....# #.#
#..# #.#
###..# #.#
#...# ##.#
#<# ###..#
##.# #...##
##..#
#.######..##


You could see Ijyb.

Vanquished Creatures
  Terence (D:2)
  3 gnolls (D:2)
  An adder (D:2)
  A dart slug (D:2)
  6 ball pythons
  3 endoplasms
  2 giant cockroaches
  5 goblins (D:1)
  2 hobgoblins (D:2)
  2 jackals (D:1)
  A kobold (D:1)
  3 quokkas (D:1)
  4 bats
  4 frilled lizards
  3 rats
41 creatures vanquished.

Notes
Turn   | Place    | Note
-------+----------+-------------------------------------------
     0 | D:1      | bobo the Gnoll Reaver began the quest for the Orb.
     0 | D:1      | Reached XP level 1. HP: 20/20 MP: 6/6
   153 | D:1      | Reached XP level 2. HP: 26/26 MP: 7/7
   682 | D:1      | Reached skill level 5 in Spellcasting
   682 | D:1      | Reached XP level 3. HP: 30/31 MP: 7/9
   778 | D:1      | Learned a level 2 spell: Momentum Strike
  1094 | D:2      | Reached skill level 1 in Invocations
  1209 | D:2      | Found a sparkling altar of Nemelex Xobeh.
  1216 | D:2      | Became a worshipper of Nemelex Xobeh the Trickster
  1240 | D:2      | Noticed Terence
  1246 | D:2      | Killed Terence
  1247 | D:2      | Reached skill level 1 in Short Blades
  1247 | D:2      | Reached skill level 1 in Long Blades
  1247 | D:2      | Reached skill level 1 in Axes
  1247 | D:2      | Reached skill level 1 in Maces & Flails
  1247 | D:2      | Reached skill level 1 in Staves
  1247 | D:2      | Reached skill level 1 in Ranged Weapons
  1247 | D:2      | Reached skill level 1 in Throwing
  1247 | D:2      | Reached skill level 1 in Armour
  1247 | D:2      | Reached skill level 1 in Stealth
  1247 | D:2      | Reached skill level 1 in Shields
  1247 | D:2      | Reached skill level 1 in Unarmed Combat
  1247 | D:2      | Reached skill level 1 in Evocations
  1247 | D:2      | Reached XP level 4. HP: 33/36 MP: 7/11
  1495 | D:2      | Reached skill level 1 in Hexes
  1495 | D:2      | Reached skill level 1 in Summonings
  1495 | D:2      | Reached skill level 1 in Necromancy
  1495 | D:2      | Reached skill level 1 in Translocations
  1495 | D:2      | Reached skill level 1 in Transmutations
  1495 | D:2      | Reached skill level 1 in Fire Magic
  1495 | D:2      | Reached skill level 1 in Ice Magic
  1495 | D:2      | Reached skill level 1 in Air Magic
  1495 | D:2      | Reached skill level 1 in Earth Magic
  1495 | D:2      | Reached skill level 1 in Poison Magic
  1926 | D:3      | Noticed Ijyb
  1952 | D:3      | HP: 1/28 [Ijyb/+0 club (4)]
  1953 | D:3      | Slain by Ijyb

Illustrated notes

Levels and vault maps discovered:
D:1:      grunt_arrival_lava_bath, layout_loops_corners
D:2:      layout_loops_ring, basic_altar, uniq_terence
D:3:      layout_rooms, uniq_ijyb

Skill      XL: |  1  2  3  4 |
---------------+-------------+-----
Spellcasting   | 5 |  5.1
Invocations    | 1 |  1.4
Short Blades   | 1 |  1.3
Long Blades    | 1 |  1.3
Axes           | 1 |  1.3
Maces & Flails | 1 |  1.3
Staves         | 1 |  1.3
Ranged Weapons | 1 |  1.3
Throwing       | 1 |  1.3
Armour         | 1 |  1.3
Stealth        | 1 |  1.3
Shields        | 1 |  1.3
Unarmed Combat | 1 |  1.3
Evocations     | 1 |  1.3
Hexes          | 1 |  1.0
Summonings     | 1 |  1.0
Necromancy     | 1 |  1.0
Translocations | 1 |  1.0
Transmutations | 1 |  1.0
Fire Magic     | 1 |  1.0
Ice Magic      | 1 |  1.0
Air Magic      | 1 |  1.0
Earth Magic    | 1 |  1.0
Poison Magic   | 1 |  1.0
Fighting       | |  4.7
Polearms       | |  6.6
Dodging        | |  4.7
Conjurations   | |  5.5

Action                     |  1- 3 |  4- 6 || total
---------------------------+-------+-------++-------
  Melee: Spear             |   109 |    58 ||   167
         Bite              |    14 |     6 ||    20
   Cast: Momentum Strike   |     4 |     2 ||     6
         Kiss of Death     |     1 |     2 ||     3
    Use: Scroll            |       |     1 ||     1
         Potion            |       |     1 ||     1
   Stab: Sleeping          |       |     1 ||     1
 Armour: Leather armour    |    18 |     7 ||    25
  Dodge: Dodged            |    29 |    16 ||    45
